 Dungeon Crawl Stone Soup version 0.21.0-3-g78d12a8 (webtiles) character file.

14728 JeffiDaFish the Cleaver (level 11, -10/101 HPs)
             Began as a Minotaur Fighter on Jan 12, 2018.
             Was a High Priest of Okawaru.
             Splashed by Erica's acid (14 damage)
             ... on level 11 of the Dungeon.
             The game lasted 00:21:26 (13130 turns).

JeffiDaFish the Cleaver (Minotaur Fighter)         Turns: 13130, Time: 00:21:27

Health: -10/101    AC:  8    Str: 21    XL:     11   Next: 92%
Magic:  13/13      EV:  9    Int:  5    God:    Okawaru [*****.]
Gold:   728        SH: 13    Dex: 13    Spells: 10/10 levels left

rFire    . . .     SeeInvis .   w - +3 broad axe (chop)
rCold    . . .     Gourm    .   c - +1 shield
rNeg     . . .     Faith    .   v - +0 plate armour
rPois    .         Spirit   .   (helmet restricted)
rElec    .         Reflect  .   (no cloak)
rCorr    .         Harm     .   r - +0 pair of gloves
MR       +....                  (no boots)
Stlth    ..........             (no amulet)
HPRegen  0.26/turn              e - ring of protection from magic
MPRegen  0.13/turn              g - ring of flight

@: corroded
A: retaliatory headbutt, horns 2, blink, sense surroundings 1
a: Blink, Heroism, Finesse, Renounce Religion, Evoke Flight


You were on level 11 of the Dungeon.
You worshipped Okawaru.
Okawaru was extremely pleased with you.
You were near starving.

You visited 2 branches of the dungeon, and saw 12 of its levels.
You also visited: Sewer.

You collected 728 gold pieces.

Inventory:

Hand Weapons
 h - a +0 trident
 s - a +0 flail of protection
 w - a +3 broad axe of chopping (weapon)
Armour
 c - a +1 shield (worn)
 r - a +0 pair of gloves (worn)
 v - a +0 plate armour (worn)
Jewellery
 e - a ring of protection from magic (left hand)
 g - a ring of flight (right hand)
Wands
 u - a wand of scattershot (5)
Scrolls
 a - a scroll of fear
 d - 2 scrolls of enchant armour
 i - a scroll of teleportation
 j - 4 scrolls of magic mapping
 k - 11 scrolls of identify
 m - 2 scrolls of blinking
 n - 3 scrolls of remove curse
 o - 2 scrolls of fog
 p - 4 scrolls of amnesia
Potions
 b - 3 potions of brilliance
Books
 q - Sif Muna's Handbook of the Volcanoes and the Birds
   (You found it on level 10 of the Dungeon)

   Spells                             Type                      Level
   a - Shock                          Conjuration/Air              1
   b - Ignite Poison                  Fire/Transmutation/Poison    3
   c - Lightning Bolt                 Conjuration/Air              5
   d - Ignition                       Fire                         8
Comestibles
 f - 13 rations


   Skills:
 * Level 10.6 Fighting
 + Level 11.9 Axes
 * Level 10.7 Armour
 * Level 7.4 Dodging
 - Level 1.1 Stealth
 + Level 10.7 Shields
 + Level 4.2 Invocations


You had 10 spell levels left.
You didn't know any spells.

Dungeon Overview and Level Annotations

Branches:
Dungeon (11/15)            Temple (1/1) D:6            Lair (0/6) D:11
    Orc (0/2) D:9

Altars:
Ashenzari
Dithmenos
Fedhas
Gozag
Hepliaklqana
Kikubaaqudgha
Makhleb
Okawaru
Ru
Sif Muna
Trog
Uskayaw
Vehumet
Xom
Yredelemnul
Zin
The Shining One
Beogh

Annotations:
D:11 Erica


Innate Abilities, Weirdness & Mutations

You reflexively headbutt those who attack you in melee.
You have a pair of horns on your head.
You can translocate small distances at will.
You passively map a small area around you.


Message History

You hear a zap.
A bolt of acid appears from out of thin air!
The bolt of acid hits you! The acid corrodes you!
You are splashed with acid!
The acid burns!
* * * LOW HITPOINT WARNING * * *
You closely miss something. Your headbutt misses something. Something hits you.
* * * LOW HITPOINT WARNING * * *
Something burns you.
* * * LOW HITPOINT WARNING * * *
You closely miss something. Your headbutt misses something. Something hits you!
* * * LOW HITPOINT WARNING * * *
Something burns you.
* * * LOW HITPOINT WARNING * * *
You barely miss something.
You hear a zap.
A bolt of acid appears from out of thin air!
The bolt of acid hits you!
* * * LOW HITPOINT WARNING * * *
You are splashed with acid!
The acid burns!
You die...

*
#......#...##รท....#...
#......#...##.....#...
#......#...##.....#... *
,
*#......#...#......#...
#......#...#......#...
#......######.....'...
#...........#.....#...
,#...........#.....#...
,,#....@{.....#######...
#.###'#.....#,, , #... *
,#.....# ....', , ,#...
, #.....# ...# #... ,,
,#.....#.....# #... , *
#.....#.....# #... * *
,#.....#.....# , #... *
#.#...#..... ,,, #... ,
, #.#...#.....#######...


There were no monsters in sight!

Vanquished Creatures
  Erolcha (D:9)
  2 two-headed ogres
  The ghost of DogShitOnMyToe the Grappler, a novice TrEE of Cheibriados (D:8)
  2 cyclopes (D:11)
  A troll (D:10)
  A hornet (D:8)
  3 hippogriffs
  A vampire (D:11)
  15 yaks
  A shadow (D:11)
  A wyvern (D:11)
  Grum (D:8)
  2 hungry ghosts
  Menkaure (D:6)
  Duvessa (D:4)
  A water moccasin (D:8)
  2 soldier ants (D:8)
  4 orc warriors
  A sky beast (D:6)
  3 ice beasts
  2 black bears
  3 wolves (D:8)
  7 ogres
  3 phantoms
  5 centaurs
  10 big kobolds
  6 bullfrogs
  Dowan (D:4)
  A gnoll sergeant (D:6)
  A scorpion (D:6)
  A water moccasin zombie (D:5)
  A wyvern skeleton (D:8)
  7 wights (D:6)
  17 killer bees
  The ghost of Ajoehail the Vexing, a weakling HuEn (D:4)
  A howler monkey (D:5)
  3 crimson imps
  2 centaur zombies
  2 bullfrog zombies
  2 centaur skeletons
  3 jellies
  10 orc priests
  A bullfrog skeleton (D:6)
  5 hounds
  19 orc wizards
  An iguana (D:6)
  9 worker ants
  A hound skeleton (D:9)
  Robin (D:3)
  16 adders
  8 gnolls
  2 river rats
  A shadow imp (D:7)
  5 oozes
  An adder skeleton (D:5)
  An adder zombie (D:7)
  6 worms
  11 leopard geckos
  47 orcs
  4 bats
  10 giant cockroaches
  13 goblins
  14 hobgoblins
  18 jackals
  3 quokkas
  7 ball pythons
  3 frilled lizards
  A jackal skeleton (D:4)
  49 kobolds
  A quokka skeleton (D:7)
  12 rats
  A bush (D:5)
405 creatures vanquished.

Notes
Turn   | Place    | Note
-------+----------+-------------------------------------------
     0 | D:1      | JeffiDaFish the Minotaur Fighter began the quest for the Orb.
     0 | D:1      | Reached XP level 1. HP: 19/19 MP: 0/0
   137 | D:1      | Reached XP level 2. HP: 27/27 MP: 1/1
   781 | D:2      | Found a faded altar of an unknown god.
   804 | D:2      | Reached skill level 3 in Axes
   804 | D:2      | Reached XP level 3. HP: 19/33 MP: 2/2
  1398 | D:2      | Reached XP level 4. HP: 35/40 MP: 3/3
  1743 | D:3      | Noticed Robin
  1759 | D:3      | Killed Robin
  1759 | D:3      | Reached skill level 5 in Armour
  1940 | D:3      | Reached XP level 5. HP: 44/46 MP: 4/4
  1951 | D:3      | Found a hide-covered altar of Uskayaw.
  2013 | D:3      | Reached skill level 1 in Dodging
  2112 | D:3      | Found a hazy altar of Hepliaklqana.
  2113 | D:3      | Found a shadowy altar of Dithmenos.
  2374 | D:4      | Found a glowing drain.
  2578 | Sewer    | Entered a sewer
  2618 | Sewer    | Reached skill level 4 in Axes
  2618 | Sewer    | Reached skill level 5 in Shields
  2618 | Sewer    | Reached XP level 6. HP: 53/53 MP: 5/5
  2728 | Sewer    | Reached skill level 5 in Axes
  2815 | Sewer    | Reached XP level 7. HP: 60/60 MP: 6/6
  2875 | Sewer    | Reached skill level 5 in Fighting
  3081 | Sewer    | Reached skill level 6 in Axes
  3809 | D:4      | Reached XP level 8. HP: 64/70 MP: 7/7
  3823 | D:4      | Reached skill level 7 in Axes
  4252 | D:4      | Noticed Dowan
  4253 | D:4      | Noticed Duvessa
  4260 | D:4      | Killed Duvessa
  4260 | D:4      | Reached skill level 8 in Axes
  4260 | D:4      | Killed Dowan
  4377 | D:4      | Noticed Ajoehail's ghost (weakling HuEn)
  4381 | D:4      | Killed Ajoehail's ghost
  4405 | D:4      | Found a sacrificial altar of Ru.
  4560 | D:5      | Entered Level 5 of the Dungeon
  4592 | D:5      | Found a blossoming altar of Fedhas.
  4760 | D:5      | Reached skill level 9 in Axes
  4767 | D:5      | Reached XP level 9. HP: 65/78 MP: 8/8
  5111 | D:5      | Gained mutation: You can translocate small distances at will. [potion of mutation]
  5111 | D:5      | Gained mutation: You passively map a small area around you. [potion of mutation]
  5522 | D:6      | Reached skill level 10 in Axes
  5523 | D:6      | Found a staircase to the Ecumenical Temple.
  5534 | D:6      | Noticed Menkaure
  5536 | Temple   | Entered the Ecumenical Temple
  5664 | Temple   | Became a worshipper of Warmaster Okawaru
  5853 | D:6      | Killed Menkaure
  6144 | D:6      | Reached skill level 1 in Stealth
  6146 | D:6      | Found a large runed door.
  6146 | D:6      | Found a large runed door.
  6336 | D:6      | Found a large runed door.
  6336 | D:6      | Found a large runed door.
  6359 | D:6      | Reached * piety under Okawaru
  7243 | D:7      | Reached XP level 10. HP: 51/86 MP: 9/9
  7245 | D:7      | Reached ** piety under Okawaru
  7654 | D:7      | Reached skill level 1 in Invocations
  7752 | D:7      | Found an ancient bone altar of Kikubaaqudgha.
  7769 | D:7      | Identified Kikubaaqudgha's Almanac of Evil
  7778 | D:7      | Found a deep blue altar of Sif Muna.
  7916 | D:7      | Found a radiant altar of Vehumet.
  7963 | D:8      | Reached skill level 11 in Axes
  8157 | D:8      | Noticed Grum
  8222 | D:8      | Killed Grum
  8222 | D:8      | Reached *** piety under Okawaru
  8530 | D:8      | Noticed DogShitOnMyToe's ghost (novice TrEE)
  8603 | D:8      | HP: 3/89 [DogShitOnMyToe's ghost (18)]
  8616 | D:8      | Killed DogShitOnMyToe's ghost
  9009 | D:8      | Paralysed by a hornet for 2 turns
  9014 | D:8      | Paralysed by a hornet for 1 turns
  9051 | D:8      | Reached skill level 5 in Dodging
  9051 | D:8      | Reached skill level 10 in Shields
  9677 | D:9      | Reached XP level 11. HP: 65/97 MP: 12/12
  9679 | D:9      | Reached **** piety under Okawaru
  9954 | D:9      | Found a shattered altar of Ashenzari.
  9967 | D:9      | Noticed a two-headed ogre
  9974 | D:9      | Killed a two-headed ogre
 10101 | D:9      | Identified a scroll of acquirement
 10280 | D:9      | Found a staircase to the Orcish Mines.
 10321 | D:9      | Found a roughly hewn altar of Beogh.
 10329 | D:9      | Noticed Erolcha
 10334 | D:9      | Killed Erolcha
 10334 | D:9      | Reached skill level 10 in Armour
 10826 | D:10     | Entered Level 10 of the Dungeon
 11402 | D:10     | Reached skill level 10 in Fighting
 11535 | D:10     | Identified Sif Muna's Handbook of the Volcanoes and the Birds
 11890 | D:11     | Reached ***** piety under Okawaru
 11956 | D:11     | Found a staircase to the Lair.
 11956 | D:11     | HP: 1/100 [cyclops/large rock (21)]
 12344 | D:11     | Noticed a two-headed ogre
 12354 | D:11     | Killed a two-headed ogre
 13118 | D:11     | Noticed Erica
 13130 | D:11     | HP: 4/101 [something/wand of acid (6) (10)]
 13130 | D:11     | Splashed by Erica's acid

Skill      XL: |  1  2  3  4  5  6  7  8  9 10 11 |
---------------+----------------------------------+-----
Armour         | 4 5 6 7 9 10 | 10.7
Shields        | 4 5 6 7 9 10 | 10.7
Fighting       | 4 5 6 7 9 10 | 10.6
Axes           | 3 4 5 6 9 10 11 | 11.9
Dodging        | 1 2 5 7 |  7.4
Stealth        | 1 |  1.1
Invocations    | 2 4 |  4.2

Action                   |  1- 3 |  4- 6 |  7- 9 | 10-12 || total
-------------------------+-------+-------+-------+-------++-------
Melee: War axe           |    94 |   135 |   492 |   321 ||  1042
       Headbutt          |     7 |    22 |   103 |   111 ||   243
       Broad axe         |       |       |       |   214 ||   214
Invok: Finesse           |       |       |       |     1 ||     1
  Use: Potion            |     2 |     3 |     4 |    10 ||    19
       Scroll            |     5 |       |     6 |     7 ||    18
  Eat: Chunk             |     2 |     5 |    11 |    21 ||    39
       Ration            |       |       |     1 |       ||     1
Armor: Scale mail        |    39 |    51 |    70 |       ||   160
       Chain mail        |       |       |    92 |     4 ||    96
       Plate armour      |       |       |       |   232 ||   232
Dodge: Dodged            |    32 |    40 |   133 |   118 ||   323
Block: Shield            |    59 |    77 |   277 |   349 ||   762
